Map: Dusk Towers

Players

Serral - Winner!

  • Race: Zerg Zerg
  • League: Master

PartinG

  • Race: Protoss Protoss

Event: NationWars III

VOD

Have the link to the VOD?

Description

Time

  • Played on: Dec. 12, 2015, 3:22 p.m.
  • Length: 13:34
Show
View Real Time Build Order
Export as new Build Order

Serral Zerg - Winner!

Build Orders: Hatch First, Lurkers 

Get SALT Encoding   

  12  0:01  Drone  
  13  0:12  Overlord  
  13  0:19  Drone  
  14  0:32  Drone x2  
  16  0:35  Drone  
  17  0:52  Hatchery  
  17  0:55  Drone  
  17  1:09  Spawning Pool  
  16  1:11  Drone  
  16  1:15  Drone  
  18  1:27  Drone  
  18  1:28  Extractor  
  18  1:38  Overlord  
  18  1:56  Spine Crawler, Queen  
  18  1:57  Zergling x2  
  18  1:58  Spine Crawler  
  18  2:00  Zergling x2  
  21  2:11  Zergling x2  
  22  2:21  Hatchery  
  21  2:23  Zergling x2  
  22  2:31  Queen  
  22  2:35  Metabolic Boost  
  24  2:38  Zergling x2  
  25  2:44  Overlord  
  25  2:56  Zergling x2  
  25  3:09  Queen  
  25  3:10  Zergling x2  
  25  3:11  Zergling x4  
  27  3:30  Zergling x2  
  27  3:33  Queen  
  29  3:38  Zergling x4  
  31  3:46  Zergling x6  
  31  3:47  Zergling x2  
  35  3:52  Drone  
  36  4:02  Zergling x4  
  38  4:17  Drone x3  
  38  4:20  Drone x2  
  38  4:23  Overlord  
  43  4:30  Drone  
  43  4:42  Hatchery  
  43  4:43  Drone  
  43  4:44  Drone x2  
  45  4:51  Drone  
  45  4:52  Drone x3  
  49  4:54  Drone  
  50  5:02  Drone  
  50  5:08  Drone x3  
  47  5:16  Drone x2  
  49  5:23  Roach Warren  
  48  5:29  Extractor  
  48  5:31  Drone x3  
  48  5:35  Lair  
  50  5:36  Drone  
  50  5:38  Overlord x3  
  51  5:43  Overlord  
  51  5:49  Spore Crawler  
  50  5:53  Drone x2  
  51  5:57  Queen  
  51  5:58  Drone x2  
  51  6:03  Overlord  
  55  6:04  Drone x2  
  55  6:09  Extractor  
  55  6:10  Extractor  
  55  6:13  Drone x2  
  55  6:14  Drone x2  
  55  6:17  Drone x2  
  61  6:20  Zergling x4  
  63  6:27  Drone  
  63  6:28  Drone x2  
  63  6:29  Drone  
  67  6:35  Zergling x6  
  67  6:36  Drone x2  
  72  6:42  Spire  
  72  6:47  Drone x3  
  72  6:51  Extractor x2  
  72  6:54  Drone x3  
  72  6:55  Drone  
  72  6:58  Overseer  
  72  7:01  Overlord  
  76  7:03  Drone x3  
  76  7:04  Drone  
  80  7:10  Drone x4  
  84  7:21  Roach Warren  
  84  7:22  Drone x6  
  85  7:37  Drone x4  
  85  7:43  Hatchery  
  88  7:51  Overlord x2  
  88  8:01  Hydralisk Den  
  86  8:10  Mutalisk x11  
  86  8:11  Mutalisk  
  110  8:13  Mutalisk  
  112  8:24  Evolution Chamber  
  112  8:25  Evolution Chamber  
  107  8:27  Zergling x2  
  107  8:28  Zergling x10  
  107  8:31  Overlord x3  
  107  8:33  Lurker Den  
  113  8:38  Overlord  
  110  8:51  Drone x8  
  110  8:54  Drone x2, Queen  
  119  8:56  Zerg Melee Weapons Level 1  
  119  8:57  Zerg Ground Armor Level 1  
  119  9:04  Infestation Pit  
  119  9:05  Drone x2  
  119  9:06  Drone x2  
  119  9:09  Overlord  
  122  9:16  Drone x2  
  122  9:17  Overlord  
  124  9:23  Extractor x2  
  122  9:30  Zergling x14  
  122  9:31  Zergling x8  
  132  9:36  Hatchery  
  131  9:48  Hydralisk  
  131  9:49  Hydralisk x5  
  139  9:54  Drone  
  139  9:55  Drone x2  
  139  9:58  Pneumatized Carapace  
  142  10:03  Hydralisk x4  
  142  10:05  Hive  
  150  10:09  Overlord x3  
  150  10:18  Lurker x6  
  150  10:21  Overlord  
  156  10:28  Zergling x2  
  156  10:29  Zergling x24  
  156  10:33  Lurker x3  
  166  10:53  Drone x4  
  166  10:54  Lurker  
  163  11:02  Drone  
  163  11:03  Drone  
  165  11:05  Queen  
  165  11:07  Zergling x10  
  165  11:08  Zergling x16  
  176  11:21  Adrenal Glands  
  173  11:30  Spine Crawler x2  
  173  11:31  Drone x2, Spine Crawler, Extractor x2  
  166  11:49  Drone x2  
  166  11:50  Ultralisk Cavern, Zergling x26  
  166  11:51  Zergling x14  
  185  12:01  Drone x2  
  187  12:15  Hydralisk x5  
  187  12:16  Hydralisk  
  178  12:41  Zergling x40  
  182  12:51  Lurker  
  179  12:53  Overlord  
  166  13:00  Lurker x3  
  183  13:12  Lurker x2  
Show
View Real Time Build Order
Export as new Build Order

PartinG Protoss 

Build Orders:  

Get SALT Encoding   

  12  0:01  Probe (Chrono Boost)  
  13  0:11  Probe (Chrono Boost)  
  14  0:19  Pylon  
  14  0:23  Probe (Chrono Boost)  
  15  0:41  Pylon  
  15  0:45  Probe (Chrono Boost)  
  16  0:59  Gateway  
  16  1:03  Gateway  
  16  1:06  Gateway  
  16  1:10  Probe (Chrono Boost)  
  17  1:21  Probe (Chrono Boost)  
  18  1:32  Probe (Chrono Boost)  
  19  1:42  Probe (Chrono Boost)  
  19  1:46  Zealot (Chrono Boost)  
  26  1:54  Zealot (Chrono Boost)  
  26  1:58  Zealot (Chrono Boost)  
  26  2:10  Zealot (Chrono Boost)  
  28  2:16  Nexus  
  28  2:26  Probe  
  28  2:29  Cybernetics Core  
  29  2:36  Assimilator  
  29  2:39  Probe  
  30  2:45  Assimilator  
  30  2:46  Pylon  
  30  2:58  Probe  
  31  3:04  Zealot (Chrono Boost)  
  35  3:07  Pylon  
  35  3:08  Zealot (Chrono Boost)  
  37  3:14  Probe  
  37  3:15  Zealot (Chrono Boost)  
  38  3:20  Warp Gate (Chrono Boost)  
  34  3:31  Zealot (Chrono Boost)  
  34  3:32  Probe  
  34  3:33  Probe  
  36  3:39  Zealot (Chrono Boost)  
  38  3:45  Probe, Zealot (Chrono Boost)  
  41  3:48  Probe  
  44  3:55  Zealot (Chrono Boost)  
  45  4:03  Mothership Core (Chrono Boost)  
  45  4:06  Pylon  
  46  4:14  Forge  
  44  4:23  Pylon  
  44  4:27  Probe (Chrono Boost)  
  44  4:28  Probe (Chrono Boost), Pylon  
  46  4:40  Robotics Facility  
  46  4:41  Probe x2 (Chrono Boost)  
  48  4:50  Gateway  
  50  4:52  Probe (Chrono Boost)  
  50  4:53  Probe (Chrono Boost)  
  50  4:56  Pylon  
  50  5:01  Probe (Chrono Boost)  
  50  5:03  Probe  
  52  5:12  Probe  
  41  5:15  Probe  
  40  5:23  Probe, Adept x3  
  40  5:26  Probe  
  40  5:27  Protoss Ground Weapons Level 1  
  48  5:28  Warp Prism (Chrono Boost)  
  50  5:37  Robotics Bay  
  50  5:39  Probe  
  50  5:40  Probe  
  52  5:48  Assimilator x2  
  52  5:53  Probe  
  52  5:55  Probe  
  54  5:59  Pylon  
  54  6:06  Stalker  
  54  6:11  Probe  
  56  6:13  Probe  
  56  6:15  Gateway  
  56  6:16  Gateway  
  58  6:21  Probe  
  58  6:23  Twilight Council  
  58  6:25  Probe  
  60  6:27  Disruptor (Chrono Boost)  
  60  6:28  Gravitic Drive  
  63  6:33  Probe  
  63  6:37  Probe  
  65  6:48  Nexus  
  65  6:50  Probe, Pylon  
  65  6:51  Pylon  
  65  6:52  Probe  
  67  6:57  Disruptor (Chrono Boost), Pylon  
  70  7:14  Sentry  
  72  7:17  Probe x2, Blink (Chrono Boost)  
  72  7:22  Protoss Ground Weapons Level 2  
  74  7:25  Sentry  
  74  7:29  Probe  
  78  7:30  Probe  
  78  7:41  Probe  
  78  7:42  Probe  
  78  7:43  Stalker  
  78  7:44  Stalker  
  84  7:52  Stalker  
  84  7:54  Probe x2, Observer  
  89  8:07  Probe x2  
  89  8:10  Pylon  
  91  8:13  Photon Cannon  
  91  8:15  Adept  
  91  8:16  Gateway x2  
  91  8:19  Gateway  
  93  8:22  Gateway  
  93  8:28  Disruptor  
  93  8:30  Adept x2  
  100  8:37  Assimilator  
  100  8:39  Stalker  
  102  8:41  Assimilator  
  94  8:53  Stalker x2  
  82  9:03  Photon Cannon  
  82  9:05  Photon Cannon  
  82  9:08  Photon Cannon  
  82  9:17  Stalker x5  
  82  9:18  Stalker x2  
  82  9:20  Disruptor  
  94  9:26  Photon Cannon  
  92  9:41  Mothership Core  
  92  9:44  Stalker x5  
  92  9:45  Stalker  
  104  9:46  Stalker  
  104  9:56  Disruptor  
  107  10:10  Stalker x5  
  117  10:16  Pylon  
  117  10:18  Pylon  
  117  10:20  Pylon  
  117  10:27  Pylon  
  117  10:40  Stalker x5  
  117  10:41  Stalker x2  
  131  10:52  Disruptor  
  131  11:01  Nexus  
  131  11:03  Pylon  
  134  11:05  Pylon  
  134  11:16  Stalker  
  134  11:17  Stalker x5  
  145  11:30  Adept  
  147  11:45  Probe  
  141  12:02  Pylon  
  141  12:03  Pylon  
  141  12:04  Pylon  
  141  12:20  Nexus  
  141  12:21  Probe  
  142  12:23  Pylon  
  142  12:24  Disruptor, Pylon  
  102  12:47  Stalker x6  
  102  12:48  Stalker  
  114  12:55  Disruptor  
Tags
 
Add a new tag
Caveats
  • Supply blocks, unpowered buildings, or Contaminate may cause inaccurate times.
  • Supply counts are checked every 10 seconds.